 Dungeon Crawl Stone Soup version 0.29-a0-838-g385bb11a5b (webtiles) character file.

Game seed: 17635469709546058650

51 inmateoo the Sneak (level 3, 0/26 HPs)
             Began as an Octopode Monk on July 13, 2022.
             Succumbed to an adder's poison
             ... on level 2 of the Dungeon.
             The game lasted 00:01:48 (954 turns).

inmateoo the Sneak (Octopode Monk)                   Turns: 954, Time: 00:01:49

Health: 0/26       AC:  1    Str: 14    XL:     3   Next: 83%
Magic:  0/4        EV: 14    Int: 13    God:
Gold:   96         SH:  0    Dex: 13    Spells: 3/4 levels left

rFire   . . .      SeeInvis .     - Unarmed
rCold   . . .      Faith    .   (no shield)
rNeg    . . .      Spirit   .   (helmet restricted)
rPois   .          Reflect  .   (no amulet)
rElec   .          Harm     .   (no ring)
rCorr   .          Rampage  .   (no ring)
Will    .....      Rage     3%  (no ring)
Stlth   +++.......              (no ring)
HPRegen 0.08/turn               (no ring)
MPRegen 0.09/turn               (no ring)
                                (no ring)
                                (no ring)

@: lethally poisoned (0 -> -10)
A: almost no armour, amphibious, 8 rings, camouflage 1, gelatinous body 1,
(nimble swimmer 1), tentacles, berserk 1, strong 1
a: no special abilities


You were on level 2 of the Dungeon.
You visited 1 branch of the dungeon, and saw 2 of its levels.

You collected 96 gold pieces.

Inventory:

Potions
 a - a potion of ambrosia
 c - a potion of lignification {unknown}
 d - a potion of haste {unknown}


   Skills:
 + Level 3.2 Fighting
 + Level 3.3 Dodging
 + Level 3.3 Stealth
 + Level 3.3 Unarmed Combat
 * Level 1.2 Spellcasting
 + Level 0.5 Ice Magic


You had 3 spell levels left.
You knew the following spells:

 Your Spells              Type           Power      Damage    Failure   Level
a - Freeze                Ice            8%         1d3       22%         1

Your spell library contained the following spells:

 Spells                   Type           Power      Damage    Failure   Level
 Frozen Ramparts          Ice            4%         1d2       56%         3
 Hailstorm                Conj/Ice       1%         3d3       94%         4


Dungeon Overview and Level Annotations

Branches:
Dungeon (2/15)

Altars:

Shops:
D:1 =(


Innate Abilities, Weirdness & Mutations

You cannot wear most types of armour.
You are amphibious.
You can wear up to eight rings at the same time.
Your skin changes colour to match your surroundings (Stealth+).
Your rubbery body absorbs attacks. (AC +1, EV +1)
((You are camouflaged when in or above water. (Stealth+)))
You have tentacles for arms and can constrict up to eight enemies at once.
You sometimes lose your temper in combat.
Your muscles are strong. (Str +4, Int/Dex -1)


Message History

Press: ? - help, Shift-Dir - straight line, f/p - adder
Aim: an adder (heavily wounded)
You freeze the adder.
The adder is severely wounded.
You feel sick.
You are no longer poisoned.
The adder misses you.
Casting: Freeze (safe; 22% risk of failure)
Confirm with . or Enter, or press ? or * to list all spells.
Aiming: Freeze (safe; 22% risk of failure)
Press: ? - help, Shift-Dir - straight line, f/p - adder
Aim: an adder (severely wounded)
You freeze the adder.
The adder is almost dead.
The adder bites you.
You are poisoned.
The adder poisons you! The adder barely misses you.
You are too injured to fight recklessly!
You are too injured to fight recklessly!
You closely miss the adder. Your grab misses the adder.
The adder is almost dead.
You feel sick. The adder bites you.
You are more poisoned.
The adder poisons you!
You closely miss the adder. Your grab misses the adder.
Your squeeze misses the adder.
The adder is severely wounded.
* * * LOW HITPOINT WARNING * * *
You feel sick. The adder bites you.
* * * LOW HITPOINT WARNING * * *
You are more poisoned.
The adder poisons you!
You tentacle-slap the adder but do no damage.
Your grab misses the adder.
The adder is severely wounded.
* * * LOW HITPOINT WARNING * * *
You feel sick. The adder misses you.
It was a potion of mutation.
You feel extremely strange.
You feel a little pissed off.
You feel stronger.
You die...

#..#.####.#.####.##
#..#..............#
...(.####.#.###..##
#..#.####.#)###†.###
#..................#
#..#.####.#.###..#######
#..#.## #.#............#
#..#..###.#.###.(#######
#......##.#.. #.@#
................S?......
#..†.............###....
.......####......# ..
#......####..##..#
............. #..#
#......####.. #..#
#......# # #<.#
...#...###.


You could see an adder.

Vanquished Creatures
  2 adders (D:2)
  A dart slug (D:1)
  2 endoplasms
  3 giant cockroaches
  3 goblins (D:1)
  3 hobgoblins
  5 jackals (D:1)
  A quokka (D:1)
  A ball python (D:1)
  2 bats
  2 frilled lizards
  5 rats
30 creatures vanquished.

Notes
Turn   | Place    | Note
-------+----------+-------------------------------------------
     0 | D:1      | inmateoo the Octopode Monk began the quest for the Orb.
     0 | D:1      | Reached XP level 1. HP: 16/16 MP: 1/1
    52 | D:1      | Found Muucwut's Antique Weapon Emporium.
   181 | D:1      | Found Nochas's Jewellery Emporium.
   203 | D:1      | Reached XP level 2. HP: 21/21 MP: 2/2
   261 | D:1      | Found a faded altar of an unknown god.
   433 | D:1      | Learned a level 1 spell: Freeze
   633 | D:1      | Reached XP level 3. HP: 26/26 MP: 4/4
   811 | D:2      | Reached skill level 1 in Spellcasting
   954 | D:2      | Gained mutation: You sometimes lose your temper in combat.
                  | [potion of mutation]
   954 | D:2      | Gained mutation: Your muscles are strong. (Str +4, Int/Dex
                  | -1) [potion of mutation]
   954 | D:2      | Succumbed to an adder's poison

Illustrated notes

Levels and vault maps discovered:
D:1:      heliophobic_arrival_henge, layout_basic, serial_shops, shop_statue,
          shop, hellmonk_ecumenical_altar_leap_of_faith
D:2:      layout_basic, serial_shops, nicolae_shop_bloodbath_and_beyond,
          basic_altar

Skill      XL: |  1  2  3 |
---------------+----------+-----
Stealth        | 3 |  3.3
Spellcasting   | 1 |  1.2
Fighting       | |  3.2
Dodging        | |  3.3
Unarmed Combat | |  3.3
Ice Magic      | |  0.5

Action                   || total
-------------------------++-------
Melee: Unarmed           ||    70
       Constrict         ||    16
       Tentacles         ||     8
 Cast: Freeze            ||     7
  Use: Scroll            ||     4
       Potion            ||     1
 Stab: Sleeping          ||     6
Armor: Skin              ||     6
Dodge: Dodged            ||    46

Table legend: (Time is in decaauts)
 A = Elapsed time spent in this place.
 B = Non-inter-level travel time spent in this place.
 C = Inter-level travel time spent in this place.
 D = Time resting spent in this place.
 E = Time spent auto-exploring this place.
 F = Levels seen in this place.
 G = Mean time per level.
                   A        B        C        D        E       F      G
               +--------+--------+--------+--------+--------+-----+--------+
         Total |    949 |    936 |     13 |    164 |    574 |   2 |  474.5 |
       Dungeon |    949 |    936 |     13 |    164 |    574 |   2 |  474.5 |
               +--------+--------+--------+--------+--------+-----+--------+

Top non-repeatable levels by time:
     D:1: 803 daAuts
     D:2: 146 daAuts
